 Dungeon Crawl Stone Soup version 0.21.1-1-g345015f (webtiles) character file.

12357 goulibeur the Agent of Entropy (level 11, -6/87 HPs)
             Began as a Demonspawn Abyssal Knight on July 7, 2018.
             Was a Priest of Lugonu.
             Mangled by a two-headed ogre
             ... wielding a +0 giant club
              (8 damage)
             ... on level 12 of the Dungeon on July 8, 2018.
             The game lasted 00:53:18 (15794 turns).

goulibeur the Agent of Entropy (DsAK)              Turns: 15794, Time: 00:53:18

Health: -6/87      AC: 23    Str: 12    XL:     11   Next: 61%
Magic:  19/21      EV:  2    Int: 14    God:    Lugonu [***...]
Gold:   535        SH:  0    Dex: 16    Spells: 10/10 levels left

rFire    . . .     SeeInvis .   B - +3 long sword
rCold    . . .     Gourm    .   (no shield)
rNeg     + + +     Faith    .   d - +0 plate armour
rPois    ∞         Spirit   .   v - +0 helmet (curse)
rElec    .         Reflect  .   N - +1 cloak {rPois}
rCorr    .         Harm     .   (gloves unavailable)
MR       .....                  (no boots)
Stlth    ..........             (no amulet)
HPRegen  0.24/turn              l - ring of flight
MPRegen  0.17/turn              E - ring of wizardry (curse)

@: petrified
A: claws 3, iridescent scales 3, spiny 2
a: Depart the Abyss, Bend Space, Banish, Renounce Religion, Evoke Flight


You were on level 12 of the Dungeon.
You worshipped Lugonu.
Lugonu was most pleased with you.
You were not hungry.

You visited 1 branch of the dungeon, and saw 12 of its levels.
You visited the Abyss 1 time.
You also visited: Sewer.

You collected 724 gold pieces.
You spent 189 gold pieces at shops.

Inventory:

Hand Weapons
 a - a +1 short sword
 r - a +2 flail of protection
 B - a +3 long sword (weapon)
 K - a +0 spear of freezing
Armour
 d - a +0 plate armour (worn)
 v - a cursed +0 helmet (worn)
 L - a +1 chain mail of cold resistance
 N - a +1 cloak of poison resistance (worn)
Jewellery
 b - an uncursed ring of positive energy {unknown}
 l - a ring of flight (left claw)
 E - a cursed ring of wizardry (right claw)
Wands
 t - a wand of clouds (5)
 w - a wand of iceblast (25)
 C - a wand of random effects (37)
Scrolls
 g - 4 scrolls of amnesia
 i - 5 scrolls of blinking {unknown}
 j - 5 scrolls of fear {unknown}
 k - 16 scrolls of identify
 n - 8 scrolls of teleportation
 o - 2 scrolls of enchant armour
 q - 7 scrolls of remove curse
 x - 2 scrolls of fog {unknown}
 y - 3 scrolls of immolation {unknown}
 z - 2 scrolls of enchant weapon {unknown}
 G - a scroll of brand weapon {unknown}
Potions
 f - a potion of lignification {unknown}
 h - 2 potions of heal wounds
 m - a potion of berserk rage {unknown}
 p - a potion of cancellation {unknown}
 s - 3 potions of agility {unknown}
 u - 2 potions of flight {unknown}
 A - a potion of ambrosia {unknown}
 H - a potion of curing {unknown}
 I - a potion of magic {unknown}
 M - 2 potions of might
Books
 F - the Tome of Creative Unholy Arts
   (You found it on level 8 of the Dungeon)

   Spells                             Type                      Level
   a - Summon Butterflies             Summoning                    1
   b - Sublimation of Blood           Necromancy                   2
   c - Summon Ice Beast               Ice/Summoning                4
   d - Bolt of Draining               Conjuration/Necromancy       5
Comestibles
 c - 15 rations


   Skills:
 + Level 8.6 Fighting
 - Level 1.7 Short Blades
 + Level 7.6 Armour
 + Level 7.4 Dodging
 + Level 5.3 Stealth
 * Level 14.3 Invocations


You had 10 spell levels left.
You didn't know any spells.

Dungeon Overview and Level Annotations

Branches:
Dungeon (12/15)            Temple (0/1) D:5            Lair (0/6) D:8
    Orc (0/2) D:11

Altars:
Ashenzari
Cheibriados
Dithmenos
Fedhas
Kikubaaqudgha
Nemelex Xobeh
Ru
Sif Muna
Trog
Uskayaw
Xom
The Shining One

Shops:
D:9 (   D:10 ([

Annotations:
D:9 exclusions: oklob plant and oklob sapling


Innate Abilities, Weirdness & Mutations

You have claws for hands.
You are completely covered in iridescent scales. (AC +6)
You are mostly covered in sharp spines.


Message History

You have turned to stone.
Found a scale mail.
The two-headed ogre hits you with a giant club.
* * * LOW HITPOINT WARNING * * *
The two-headed ogre hits you with a giant club.
* * * LOW HITPOINT WARNING * * *
The two-headed ogre hits you with a giant club!
* * * LOW HITPOINT WARNING * * *
The two-headed ogre hits you but does no damage.
The two-headed ogre is struck by your spines.
The two-headed ogre hits you with a giant club!
* * * LOW HITPOINT WARNING * * *
The two-headed ogre hits you with a giant club.
* * * LOW HITPOINT WARNING * * *
The two-headed ogre hits you with a giant club!
* * * LOW HITPOINT WARNING * * *
The two-headed ogre hits you but does no damage.
The two-headed ogre is struck by your spines.
The two-headed ogre hits you with a giant club!
You die...

# #. #.###
#[..# #@#
#O####
####l...#
#.....†<#
#.####.†....#
# #%../..#
+......#
#......#
.......#


You could see a two-headed ogre and a basilisk.

Vanquished Creatures
  A cyclops (D:11)
  Maurice (D:8)
  3 centaur zombies
  A centaur skeleton (D:10)
  2 trolls
  2 hornets
  3 hippogriffs
  Sigmund (D:4)
  5 wyverns
  A basilisk (D:10)
  A hungry ghost (D:10)
  A warg (D:11)
  Edmund (D:4)
  A water moccasin (D:10)
  Duvessa (D:5)
  2 ice beasts
  Purgy (Sewer)
  3 black bears
  A necrophage (D:11)
  5 orc warriors
  3 phantoms
  3 sky beasts
  8 ogres
  An eye of draining (D:9)
  5 centaurs
  7 bullfrogs
  A gnoll sergeant (D:8)
  Dowan (D:5)
  2 scorpions (D:5)
  A water moccasin skeleton (D:9)
  10 killer bees
  5 wights (D:8)
  A howler monkey (D:9)
  2 bullfrog zombies
  A crimson imp (D:10)
  2 quasits (D:8)
  A lava snake (D:7)
  4 hounds
  6 orc priests
  4 jellies
  12 orc wizards
  An iguana (D:8)
  7 worker ants
  A killer bee zombie (D:8)
  2 hound skeletons
  A worker ant zombie (D:11)
  15 gnolls
  19 adders
  A howler monkey skeleton (D:7)
  A shadow imp (D:10)
  An ooze (D:1)
  An adder skeleton (D:4)
  A worm (D:9)
  2 dart slugs
  7 leopard geckos
  56 orcs
  9 ball pythons
  6 giant cockroaches
  6 goblins
  6 hobgoblins
  15 jackals
  5 kobolds
  7 quokkas
  8 bats
  7 frilled lizards
  7 rats
309 creatures vanquished.

Vanquished Creatures (others)
  The ghost of Ethylacetat the Fighter, a novice DsFi of Okawaru (D:9)
  A two-headed ogre (D:9)
  A manticore (D:11)
  A cyclops (D:11)
  A troll (D:11)
  A vampire (D:11)
  A hungry ghost (D:11)
  An acid dragon (D:8)
  An orc warrior (D:10)
  2 electric eels (D:11)
  An orc wizard (D:6)
  3 plants (D:9)
15 creatures vanquished.

Grand Total: 324 creatures vanquished

Notes
Turn   | Place    | Note
-------+----------+-------------------------------------------
     0 | Abyss:1  | goulibeur the Demonspawn Abyssal Knight began the quest for the Orb.
     0 | Abyss:1  | Reached XP level 1. HP: 18/18 MP: 2/2
    10 | Abyss:1  | Noticed a small abomination
    12 | D:1      | Escaped the Abyss
   153 | D:1      | Reached skill level 1 in Dodging
   277 | D:1      | Reached * piety under Lugonu
   340 | D:1      | Reached skill level 3 in Invocations
   340 | D:1      | Gained mutation: You are partially covered in iridescent scales. (AC +2) [demonic ancestry]
   340 | D:1      | Reached XP level 2. HP: 21/24 MP: 2/4
   888 | D:1      | Gained mutation: You are partially covered in sharp spines. [demonic ancestry]
   888 | D:1      | Reached XP level 3. HP: 28/29 MP: 5/5
  1229 | D:2      | Found a deep blue altar of Sif Muna.
  1545 | D:2      | Reached skill level 4 in Invocations
  1931 | D:1      | Reached XP level 4. HP: 35/35 MP: 7/7
  2353 | D:2      | Reached ** piety under Lugonu
  2933 | D:3      | Found a glowing drain.
  2937 | D:3      | Gained mutation: You are mostly covered in sharp spines. [demonic ancestry]
  2937 | D:3      | Reached XP level 5. HP: 42/42 MP: 8/8
  2948 | Sewer    | Entered a sewer
  3164 | Sewer    | Noticed Purgy
  3174 | Sewer    | Killed Purgy
  3174 | Sewer    | Reached skill level 5 in Invocations
  3395 | D:3      | Gained mutation: You have sharp fingernails. [demonic ancestry]
  3395 | D:3      | Reached XP level 6. HP: 45/48 MP: 10/10
  3703 | D:3      | Reached skill level 6 in Invocations
  4420 | D:4      | Noticed Edmund
  4464 | D:4      | Killed Edmund
  4464 | D:4      | Gained mutation: You have very sharp fingernails. [demonic ancestry]
  4464 | D:4      | Reached XP level 7. HP: 3/55 MP: 11/11
  4925 | D:4      | Found an ancient bone altar of Kikubaaqudgha.
  4926 | D:4      | Noticed Sigmund
  4962 | D:4      | Killed Sigmund
  4962 | D:4      | Reached skill level 7 in Invocations
  5148 | D:5      | Entered Level 5 of the Dungeon
  5338 | D:5      | Found a shattered altar of Ashenzari.
  5527 | D:5      | Reached skill level 5 in Fighting
  5643 | D:5      | Found a staircase to the Ecumenical Temple.
  5661 | D:5      | Reached skill level 8 in Invocations
  5661 | D:5      | Reached XP level 8. HP: 55/62 MP: 12/14
  5856 | D:5      | Reached *** piety under Lugonu
  6129 | D:5      | Found a glowing golden altar of the Shining One.
  6177 | D:5      | Noticed Duvessa
  6187 | D:5      | Noticed Dowan
  6190 | D:5      | Killed Duvessa
  6197 | D:5      | Killed Dowan
  6465 | D:6      | Reached skill level 9 in Invocations
  6783 | D:6      | Reached skill level 5 in Armour
  7114 | D:6      | Reached skill level 10 in Invocations
  7114 | D:6      | Gained mutation: You are mostly covered in iridescent scales. (AC +4) [demonic ancestry]
  7114 | D:6      | Reached XP level 9. HP: 57/69 MP: 16/16
  7963 | D:7      | Reached **** piety under Lugonu
  8086 | D:7      | Noticed a hand axe
  8087 | D:7      | Noticed a dagger
  8088 | D:7      | Found a hide-covered altar of Uskayaw.
  8113 | D:7      | Reached skill level 5 in Dodging
  8274 | D:7      | Noticed a troll
  8288 | D:7      | Killed a troll
  8295 | D:7      | Found a sparkling altar of Nemelex Xobeh.
  8559 | D:7      | Found a bloodstained altar of Trog.
  8850 | D:8      | Found a shimmering altar of Xom.
  8884 | D:8      | Identified the Tome of Creative Unholy Arts
  8901 | D:8      | Found a shadowy altar of Dithmenos.
  8923 | D:8      | Found a sacrificial altar of Ru.
  8934 | D:8      | Reached skill level 11 in Invocations
  8985 | D:8      | Reached skill level 1 in Stealth
  9614 | D:8      | Found a staircase to the Lair.
  9765 | D:8      | Gained mutation: You have claws for hands. [demonic ancestry]
  9765 | D:8      | Reached XP level 10. HP: 79/79 MP: 18/18
 10152 | D:8      | Reached skill level 12 in Invocations
 10410 | D:9      | Noticed Maurice
 10442 | D:8      | Killed Maurice
 10504 | D:9      | Paralysed by a hornet for 2 turns
 10518 | D:9      | HP: 3/79 [troll (4)]
 10769 | D:8      | Paralysed by a hornet for 3 turns
 11117 | D:9      | Found Lowy's Weapon Boutique.
 11184 | D:9      | Noticed a two-headed ogre
 11200 | D:9      | Reached ***** piety under Lugonu
 11200 | D:9      | Banished a two-headed ogre
 11200 | D:9      | Reached skill level 13 in Invocations
 11209 | D:9      | Noticed Ethylacetat's ghost (novice DsFi)
 11213 | D:9      | Banished Ethylacetat's ghost
 11526 | D:9      | Found a snail-covered altar of Cheibriados.
 11590 | D:9      | Found a blossoming altar of Fedhas.
 11599 | D:9      | Noticed an oklob plant
 11828 | D:10     | Entered Level 10 of the Dungeon
 11972 | D:10     | Found Kauluit's Antique Weapon Shoppe.
 11979 | D:10     | Gained mutation: You are completely covered in iridescent scales. (AC +6) [demonic ancestry]
 11979 | D:10     | Reached XP level 11. HP: 82/86 MP: 20/20
 12577 | D:10     | Found Hutymer's Armour Shop.
 12580 | D:10     | Bought a +1 cloak of poison resistance for 189 gold pieces
 12665 | D:11     | Noticed an ettin
 13202 | D:10     | Reached skill level 5 in Stealth
 13674 | D:11     | Reached skill level 14 in Invocations
 14235 | D:11     | Found a staircase to the Orcish Mines.
 15773 | D:12     | Noticed a two-headed ogre
 15792 | D:12     | HP: 1/87 [two-headed ogre/giant club (6)]
 15794 | D:12     | Mangled by a two-headed ogre

Skill      XL: |  1  2  3  4  5  6  7  8  9 10 11 |
---------------+----------------------------------+-----
Dodging        | 1 2 3 4 5 6 7 |  7.4
Armour         | 2 3 4 5 6 7 |  7.6
Invocations    | 3 4 5 6 8 10 11 13 14 | 14.3
Fighting       | 4 5 6 7 8 |  8.6
Stealth        | 2 4 5 |  5.3
Short Blades   | |  1.7

Action                   |  1- 3 |  4- 6 |  7- 9 | 10-12 || total
-------------------------+-------+-------+-------+-------++-------
Melee: Short sword       |   123 |   175 |       |       ||   298
       Flail             |       |       |   221 |       ||   221
       Long sword        |       |       |    87 |   409 ||   496
Invok: Depart the Abyss  |     1 |       |       |       ||     1
       Banish            |       |       |     2 |    13 ||    15
  Use: Scroll            |       |     6 |       |       ||     6
       Potion            |       |       |       |     1 ||     1
  Eat: Chunk             |     2 |     9 |    15 |    20 ||    46
       Ration            |       |       |     1 |     2 ||     3
Armor: Leather armour    |    13 |       |       |       ||    13
       Scale mail        |    60 |    53 |       |       ||   113
       Plate armour      |       |    18 |   294 |   424 ||   736
Dodge: Dodged            |    79 |    68 |    96 |   140 ||   383
       Rpst.: Long sword |       |       |    14 |    38 ||    52
